Map: Ascension to Aiur LE

Players

BBOY

  • Race: Terran Terran
  • League: Diamond
  • Spawn Location: 11:00

Bourbond - Winner!

  • Race: Terran Terran
  • League: Master
  • Spawn Location: 5:00

VOD

Have the link to the VOD?

Description

Time

  • Played on: Dec. 25, 2017, 4:58 a.m.
  • Length: 3:14
Show
View Real Time Build Order
Export as new Build Order

BBOY Terran 

Build Orders: Reaper Expand 

Get SALT Encoding   

  12  0:00  SCV  
  13  0:13  SCV  
  14  0:17  Supply Depot  
  14  0:25  SCV  
  15  0:39  SCV  
  15  0:40  Barracks  
  16  0:44  Refinery  
  16  0:51  SCV  
  17  1:03  SCV  
  18  1:15  SCV  
  19  1:27  Orbital Command  
  19  1:28  Reaper  
  20  1:46  Command Center  
  20  1:53  SCV  
  21  2:00  Supply Depot, Barracks Reactor  
  21  2:05  SCV  
  21  2:17  SCV  
  22  2:25  Factory  
  22  2:28  Refinery  
  22  2:29  SCV  
  23  2:36  Marine  
  23  2:37  Marine  
  24  2:41  SCV  
  26  2:53  SCV  
Show
View Real Time Build Order
Export as new Build Order

Bourbond Terran - Winner!

Build Orders: Reaper Expand 

Get SALT Encoding   

  12  0:00  SCV  
  13  0:12  SCV  
  14  0:17  Supply Depot  
  14  0:25  SCV  
  15  0:38  SCV  
  15  0:41  Barracks  
  16  0:46  Refinery  
  16  0:51  SCV  
  17  1:03  SCV  
  18  1:15  SCV  
  19  1:28  Orbital Command  
  19  1:29  Reaper  
  20  1:43  Command Center  
  20  1:50  Refinery  
  20  1:55  SCV  
  20  2:01  Supply Depot  
  21  2:05  Reaper  
  21  2:09  SCV  
  22  2:19  Factory  
  22  2:23  SCV  
  23  2:36  SCV  
  24  2:39  Barracks Reactor  
  24  2:48  SCV  
  25  3:00  SCV  
  26  3:11  Starport  
Tags
 
Add a new tag
Caveats
  • Supply blocks, unpowered buildings, or Contaminate may cause inaccurate times.
  • Supply counts are checked every 10 seconds.